 Dungeon Crawl Stone Soup version 0.31-a0-818-ge7c7cf74f0 (webtiles) character file.

Game seed: 10310610553537808788

9 Essalna the Conjurer (level 2, 0/19 HPs)
             Began as a Demonspawn Conjurer on Sept 23, 2023.
             Slain by a frilled lizard (2 damage)
             ... on level 2 of the Dungeon.
             The game lasted 00:00:55 (428 turns).

Essalna the Conjurer (Demonspawn Conjurer)           Turns: 428, Time: 00:00:55

Health: 0/19       AC:  2    Str:  7    XL:     2   Next: 3%
Magic:  5/5        EV: 12    Int: 19    God:
Gold:   17         SH:  0    Dex: 11    Spells: 4/5 levels left

rFire   . . .        (no weapon)
rCold   . . .        (no shield)
rNeg    . . .        a - +0 robe
rPois   .            (no helmet)
rElec   .            (no cloak)
rCorr   .            (no gloves)
SInv    .            (no boots)
Will    .....        (no amulet)
Stlth   ++           (no ring)
HPRegen 0.23/turn    (no ring)
MPRegen 0.09/turn

%: no passive effects
@: no status effects
A: demonic touch 1
a: no special abilities


You were on level 2 of the Dungeon.
You visited 1 branch of the dungeon, and saw 2 of its levels.

You collected 17 gold pieces.

Inventory:

Armour
 a - a +0 robe (worn)
Jewellery
 c - an amulet of reflection
Scrolls
 d - a scroll of noise {unknown}
 e - a scroll of silence {unknown}
Potions
 b - a potion of magic
 f - a potion of invisibility {unknown}
 g - a potion of mutation {unknown}


   Skills:
 - Level 1.7 Dodging
 - Level 1.7 Stealth
 + Level 2.3 Spellcasting
 + Level 4.2 Conjurations


You had 4 spell levels left.
You knew the following spells:

 Your Spells              Type           Power      Damage    Failure   Level
a - Magic Dart            Conj           72%        1d6       2%          1

Your spell library contained the following spells:

 Spells                   Type           Power      Damage    Failure   Level
 Searing Ray              Conj           36%        2d5       4%          2
 Dazzling Flash           Conj/Hex       20%        N/A       21%         3
 Fulminant Prism          Conj/Hex       5%         3d7       56%         4
 Iskenderun's Mystic Bla  Conj/Tloc      10%        2d4       56%         4


Dungeon Overview and Level Annotations

Branches:
Dungeon (2/15)

Altars:

Shops:
D:2 *


Innate Abilities, Weirdness & Mutations

Your touch may inflict minor irresistible damage on your foes.


Message History

The quokka bites you. The quokka barely misses you.
The quokka barely misses you. The quokka bites you.
The quokka twitches its whiskers.
The quokka closely misses you. The quokka barely misses you.
The quokka bites you. The quokka misses you. The quokka bites you.
The quokka closely misses you. The quokka misses you.
The quokka barely misses you. The quokka bites you.
A bat comes into view.
The quokka closely misses you. The quokka misses you.
The bat barely misses you. The frilled lizard bites you.
The bat hits you but does no damage. The quokka barely misses you.
The frilled lizard misses you. The quokka closely misses you.
The bat hits you but does no damage.
The quokka twitches its whiskers.
The quokka barely misses you. The frilled lizard closely misses you.
The quokka completely misses you. The bat hits you but does no damage.
The frilled lizard misses you. The bat completely misses you.
The quokka barely misses you. The frilled lizard closely misses you.
The quokka barely misses you. The frilled lizard barely misses you.
The bat closely misses you. The bat hits you.
The quokka bites you but does no damage.
The quokka bites you. The frilled lizard bites you.
The bat completely misses you. The quokka bites you.
* * * LOW HITPOINT WARNING * * *
The frilled lizard misses you. The quokka bites you.
* * * LOW HITPOINT WARNING * * *
The frilled lizard bites you but does no damage.
The bat closely misses you. The bat hits you but does no damage.
The quokka closely misses you. The frilled lizard bites you.
You die...

.. ..# .... #...
#####.... ...∩
.........
......###......
.......b..r.# ......
#@l.# .....###...#
#.......# ###.#.....#
##.....#.......
#.####...>..#######..
......##)## ##..##..#
#.#...##


You could see a quokka, a bat and a frilled lizard.

Vanquished Creatures
  2 goblins
  2 hobgoblins (D:1)
  A kobold (D:2)
  2 bats (D:1)
  A rat (D:1)
8 creatures vanquished.

Notes
Turn   | Place    | Note
-------+----------+-------------------------------------------
     0 | D:1      | Essalna the Demonspawn Conjurer began the quest for the
                  | Orb.
     0 | D:1      | Reached XP level 1. HP: 13/13 MP: 3/3
   359 | D:2      | Gained mutation: Your touch may inflict minor irresistible
                  | damage on your foes. [demonic ancestry]
   359 | D:2      | Reached XP level 2. HP: 19/19 MP: 3/5
   390 | D:2      | Found Wustyma's General Store.
   428 | D:2      | Slain by a frilled lizard

Illustrated notes

Levels and vault maps discovered:
D:1:      tekkud_arrival_beachfront_property, layout_rooms, serial_park_tiny_1,
          minivault_25, minmay_tromino_i4
D:2:      layout_rooms, serial_shops, shop, minmay_quantized

Action                     || total
---------------------------++-------
  Melee: Unarmed           ||    69
   Cast: Magic Dart        ||    11
 Armour: Robe              ||    67
  Dodge: Dodged            ||    96

Table legend: (Time is in decaauts)
 A = Elapsed time spent in this place.
 B = Non-inter-level travel time spent in this place.
 C = Inter-level travel time spent in this place.
 D = Time resting spent in this place.
 E = Time spent auto-exploring this place.
 F = Levels seen in this place.
 G = Mean time per level.
                   A        B        C        D        E       F      G
               +--------+--------+--------+--------+--------+-----+--------+
         Total |    427 |    427 |      0 |      0 |    256 |   2 |  213.5 |
       Dungeon |    427 |    427 |      0 |      0 |    256 |   2 |  213.5 |
               +--------+--------+--------+--------+--------+-----+--------+

Top non-repeatable levels by time:
     D:1: 330 daAuts
     D:2: 97 daAuts
